 Dungeon Crawl Stone Soup version 0.31-a0-1616-gbeaec30b81 (webtiles) character file.

Game seed: 18324031083163729687

8574 Xavori the Carver (level 11, -1/63 HPs)
             Began as a Djinni Chaos Knight on Jan 10, 2024.
             Was a Plaything of Xom.
             Killed by divine providence
             ... invoked by an orc priest
              (13 damage)
             ... on level 10 of the Dungeon.
             The game lasted 00:14:05 (29430 turns).

Xavori the Carver (Djinni Chaos Knight)            Turns: 29430, Time: 00:14:06

Health: -1/63      AC: 14    Str: 15    XL:     11   Next: 58%
Gold:   1861       EV: 16    Int: 12    God:    Xom [..*...] SH:  0 Dex: 17

rFire   + + .        C - +2 falchion of Arethruen {drain, rElec}
rCold   x . .        (no shield)
rNeg    + . .        y - +0 troll leather armour
rPois   ∞            (helmet restricted)
rElec   +            w - +0 cloak
rCorr   .            l - +1 pair of gloves
SInv    +            (boots unavailable)
Will    +....        (no amulet)
Stlth   +            f - ring of positive energy
HPRegen 1.10/turn    A - +4 ring of protection
MPRegen 0.00/turn

%: clarity, infuse magic (-2 HP)
@: flying, hasted, studying Long Blades, very quick
A: sickness immunity, fire resistance 2, cold vulnerability 1, float, innate
caster, HP casting, extra vitality 1, antennae 1, iridescent scales 2, see
invisible, clarity, deformed body, frail 2, strong 1, wild magic 2
a: Renounce Religion


You were on level 10 of the Dungeon.
You worshipped Xom.
You were a toy of Xom.
You visited 1 branch of the dungeon, and saw 10 of its levels.

You collected 1861 gold pieces.

Inventory:

Hand Weapons
 s - the +9 dagger "Seplidema" {antimagic, Dex+3}
   (You found it on level 8 of the Dungeon)

   Dex+3:     It affects your dexterity (+3).
 C - the +2 falchion of Arethruen (weapon) {drain, rElec}
   (You found it on level 7 of the Dungeon)

   rElec:     It insulates you from electricity.
Armour
 b - a +2 leather armour
 l - a +1 pair of gloves (worn)
 w - a +0 cloak (worn)
 y - a +0 troll leather armour (worn)
 H - a +0 helmet
 I - the +2 robe of Raotur {rElec rN+}
   (You found it on level 9 of the Dungeon)

   rElec:     It insulates you from electricity.
   rN+:       It protects you from negative energy.
Jewellery
 f - a ring of positive energy (left hand)
 A - a +4 ring of protection (right hand)
Wands
 i - a wand of roots (2)
 m - a wand of paralysis (17)
 E - a wand of flame (4)
 F - a wand of light (14)
Scrolls
 c - a scroll of butterflies
 d - 3 scrolls of poison
 g - a scroll of enchant armour
 j - 2 scrolls of vulnerability
 k - 2 scrolls of fear
 n - a scroll of blinking
 t - 8 scrolls of teleportation
 v - a scroll of revelation
 x - a scroll of immolation
 B - a scroll of silence
 D - 2 scrolls of enchant weapon
 G - 3 scrolls of identify
Potions
 a - a potion of cancellation
 e - a potion of curing
 h - a potion of heal wounds
 o - 2 potions of brilliance
 p - a potion of lignification
 q - a potion of invisibility {unknown}
 r - 2 potions of enlightenment {unknown}
 u - a potion of berserk rage {unknown}
 z - a potion of haste
 J - a potion of might {unknown}
 K - a potion of attraction {unknown}


   Skills:
 + Level 7.5 Fighting
 + Level 8.1 Long Blades
 + Level 6.9 Armour
 + Level 7.9 Dodging
 * Level 7.6 Spellcasting
 * Level 7.6 Conjurations
 * Level 7.6 Hexes
   Level 0.0 Charms
 * Level 7.6 Summonings
 * Level 7.6 Necromancy
 * Level 7.6 Translocations
   Level 0.0 Transmutations
 * Level 7.6 Fire Magic
 * Level 7.6 Ice Magic
 * Level 7.6 Air Magic
 * Level 7.6 Earth Magic
 * Level 7.6 Alchemy
 + Level 3.2 Evocations


You knew the following spells:

 Your Spells              Type           Power      Damage    Failure   Level
a - Freeze                Ice            100%       1d10      3%          1
b - Mercury Vapours       Alch/Air       72%        N/A       4%          2
c - Dazzling Flash        Conj/Hex       72%        N/A       7%          3
d - Tukima's Dance        Hex            36%        N/A       7%          3
e - Dimensional Bullseye  Hex/Tloc       18%        N/A       17%         4
Your spell library was empty.

Dungeon Overview and Level Annotations

Branches:
Dungeon (10/15)            Temple (0/1) D:6            Lair (0/5) D:8
    Orc: D:9-12

Altars:
Ashenzari
Dithmenos
Gozag
Okawaru
Qazlal
Ru
Xom
Zin


Innate Abilities, Weirdness & Mutations

You are immune to sickness and miasma.
You are immune to poison.
Your flesh is very heat resistant. (rF++)
You are vulnerable to cold. (rC-)
You float through the air rather than walking.
You learn spells naturally, not from books.
Your magical power is your life essence.
You have superior vitality. (+4 MHP)
You have a pair of small antennae on your head.
You are mostly covered in iridescent scales. (AC +4)
You have supernaturally acute eyesight. (SInv)
You possess an exceptional clarity of mind.
Armour fits poorly on your strangely shaped body.
You are very frail. (-20% HP)
Your muscles are strong. (Str +4, Int/Dex -1)
Your spells are harder to cast, but more powerful.


Message History

The orc hits you with a +0 flail.
* * * LOW HITPOINT WARNING * * *
You hit the orc priest. You drain the orc priest.
The orc priest is severely wounded.
The orc seems less drained.
The orc priest misses you. The orc warrior closely misses you.
The orc wizard closely misses you.
Unknown command.
You closely miss the orc priest.
The orc priest is severely wounded.
Xom smiles on you.
You feel yourself speed up. The orc closely misses you.
The orc hits you but does no damage. The orc priest misses you.
Unknown command.
You barely miss the orc priest.
The orc priest is severely wounded.
The orc wizard closely misses you.
The orc warrior hits you with a +0 hand axe!
* * * LOW HITPOINT WARNING * * *
The orc barely misses you.
Unknown command.
You closely miss the orc priest.
The orc priest is severely wounded.
The orc barely misses you. The orc priest closely misses you.
The orc wizard hits you but does no damage.
The orc priest casts a cantrip, but nothing happens.
The orc warrior closely misses you.
You slash the orc priest!
You kill the orc priest!
The orc closely misses you. The orc attacks as it pursues you!
The orc completely misses you.
The orc wizard attacks as it pursues you!
The orc wizard barely misses you. The orc attacks as it pursues you!
The orc hits you but does no damage.
The orc hits something with a +2 antimagic mace.
The orc wizard gestures at you while chanting.
You resist with almost no effort.
The orc priest calls down the wrath of Beogh upon you.
Beogh smites you!
You die...
Xom giggles madly!

....................._..._.
...........................
...................._..♣.._
####+#########+####........
#. ........#...._..._. #.
.......#.......... ##.
.....#...#......
#..###########..#..#######.
.....oo..#..o.o.@..#
....oo.oo#..oo.....#
....oooo{#..oo.....#
..#####).#oo.#######
........o.ooo*......
..........oo........
....................
....................
..###+##############


You could see an orc warrior, 2 orc priests, 3 orc wizards and 5 orcs.

Vanquished Creatures
  The ghost of justen the Changeling, a novice TrSh of Cheibriados (D:7)
  An elephant (D:8)
  Psyche (D:9)
  Grinder (D:3)
  Prince Ribbit (D:9)
  Sigmund (D:2)
  2 wyverns
  2 basilisks (D:8)
  4 yaks (D:9)
  3 steam dragons
  3 vampire mosquitoes (D:10)
  A water moccasin (D:6)
  2 orc warriors
  A black bear (D:6)
  2 wolves (D:8)
  An ogre (D:6)
  A centaur (D:5)
  A phantom (D:4)
  3 kobold brigands
  4 bullfrogs
  2 scorpions
  10 electric eels (D:8)
  5 hounds
  4 jellies
  Crazy Yiuf (D:5)
  2 orc priests
  A gnoll bouda (D:8)
  4 iguanas
  A sleepcap (D:6)
  7 orc wizards
  10 gnolls
  12 adders
  A shadow imp (D:8)
  2 white imps
  2 ufetubi (D:5)
  A ribbon worm (D:5)
  24 orcs
  5 endoplasms
  5 giant cockroaches
  7 goblins
  12 hobgoblins
  4 jackals
  31 kobolds
  2 quokkas
  9 ball pythons
  4 bats
  3 frilled lizards
  5 rats
212 creatures vanquished.

Vanquished Creatures (collateral kills)
  A two-headed ogre (D:9)
  A gargoyle (D:10)
  2 trolls
  Grum (D:8)
  A black bear (D:7)
  A centaur (D:9)
  2 ogres (D:7)
  A phantom (D:4)
  A kobold brigand (D:8)
  A bullfrog (D:9)
  A brain worm (D:7)
  A gnoll sergeant (D:9)
  A scorpion (D:5)
  A bombardier beetle (D:5)
  3 hounds
  3 gnolls (D:9)
  5 orcs (D:7)
  2 jackals (D:4)
  3 kobolds
32 creatures vanquished.

Vanquished Creatures (others)
  2 dancing weapons (D:9)
  A scorpion (D:5)
  An orc (D:2)
4 creatures vanquished.

Grand Total: 248 creatures vanquished

Notes
Turn   | Place    | Note
-------+----------+-------------------------------------------
     0 | D:1      | Xavori the Djinni Chaos Knight began the quest for the Orb.
     0 | D:1      | Reached XP level 1. HP: 20/20 MP: 0/0
   112 | D:1      | Found a faded altar of an unknown god.
   146 | D:1      | XOM: silly message
   190 | D:1      | Reached XP level 2. HP: 24/25 MP: 0/0
   398 | D:1      | Reached XP level 3. HP: 15/30 MP: 0/0
   398 | D:1      | Learned a level 1 spell: Freeze
   535 | D:1      | XOM: divination: detect items
   544 | D:1      | Reached skill level 1 in Spellcasting
   544 | D:1      | Reached skill level 1 in Conjurations
   544 | D:1      | Reached skill level 1 in Hexes
   544 | D:1      | Reached skill level 1 in Summonings
   544 | D:1      | Reached skill level 1 in Necromancy
   544 | D:1      | Reached skill level 1 in Translocations
   544 | D:1      | Reached skill level 1 in Fire Magic
   544 | D:1      | Reached skill level 1 in Ice Magic
   544 | D:1      | Reached skill level 1 in Air Magic
   544 | D:1      | Reached skill level 1 in Earth Magic
   544 | D:1      | Reached skill level 1 in Alchemy
   652 | D:1      | XOM: silly message
  1067 | D:1      | XOM: silly message
  1757 | D:1      | XOM: stat loss: -1 Int (12/13)
  1794 | D:1      | XOM: summons 2 hostile demons
  2206 | D:1      | XOM: summons 1 hostile demon
  2628 | D:1      | XOM: torment (16/30 hp)
  3060 | D:1      | XOM: god gift: blue potion {god gift}
  3342 | D:1      | XOM: give mutations
  3342 | D:1      | Gained mutation: Your muscles are strong. (Str +4, Int/Dex
                  | -1) [Xom's grace]
  3342 | D:1      | Gained mutation: Your spells are a little harder to cast,
                  | but a little more powerful. [Xom's grace]
  4217 | D:1      | XOM: divination: magic mapping
  4240 | D:1      | XOM: god gift: wand of roots (3)
  4555 | D:1      | XOM: 1-stop teleportation journey
  4744 | D:1      | XOM: cloud trail
  4873 | D:1      | XOM: give mutations
  4873 | D:1      | Gained mutation: You are agile. (Dex +4, Str/Int -1) [Xom's
                  | grace]
  4873 | D:1      | Gained mutation: Your mind is acute. (Int +4, Str/Dex -1)
                  | [Xom's grace]
  4873 | D:1      | Gained mutation: You are partially covered in iridescent
                  | scales. (AC +2) [Xom's grace]
  4879 | D:1      | XOM: divination: detect items
  5168 | D:2      | Noticed Sigmund
  5179 | D:2      | Killed Sigmund
  5180 | D:2      | Reached skill level 3 in Long Blades
  5180 | D:2      | Reached XP level 4. HP: 11/37 MP: 0/0
  5180 | D:2      | Reached XP level 5. HP: 12/41 MP: 0/0
  5180 | D:2      | Learned a level 2 spell: Mercury Vapours
  5180 | D:2      | Reached XP level 6. HP: 14/47 MP: 0/0
  6094 | D:2      | XOM: noise
  6394 | D:3      | Noticed Grinder
  6417 | D:3      | Killed Grinder
  6418 | D:3      | Reached XP level 7. HP: 29/52 MP: 0/0
  6418 | D:3      | Learned a level 3 spell: Dazzling Flash
  6510 | D:3      | XOM: cloud trail
  6622 | D:3      | XOM: scenery: summon butterflies
  6757 | D:3      | XOM: summons 4 hostile demons
  6766 | D:3      | XOM: torment (23/52 hp)
  7085 | D:4      | XOM: summons 7 friendly demons
  7137 | D:4      | XOM: scenery: create altars
  7180 | D:4      | XOM: cast spell 'Metabolic Englaciation'
  7208 | D:4      | XOM: god gift: 56 gold pieces
  7392 | D:4      | Reached skill level 4 in Long Blades
  7564 | D:4      | XOM: god gift: scroll labelled WAXUKU ETHUNEYRORPH {god
                  | gift}
  7612 | D:4      | XOM: summons friendly crimson imp
  7615 | D:4      | Reached XP level 8. HP: 37/58 MP: 0/0
  7701 | D:4      | XOM: god gift: 1173 gold pieces
  7855 | D:4      | XOM: 2-stop teleportation journey
  7963 | D:4      | XOM: divination: detect items
  8125 | D:4      | XOM: scenery: summon butterflies
  8516 | D:5      | Entered Level 5 of the Dungeon
  8602 | D:5      | XOM: 1-stop teleportation journey
  8629 | D:5      | XOM: divination: detect items
  8705 | D:5      | XOM: give mutations
  8705 | D:5      | Lost mutation: You are partially covered in iridescent
                  | scales. (AC +2) [Xom's mischief]
  8705 | D:5      | Gained mutation: You are frail. (-10% HP) [Xom's mischief]
  8705 | D:5      | Gained mutation: You are very frail. (-20% HP) [Xom's
                  | mischief]
  8784 | D:5      | Found an opulent altar of Gozag.
  8925 | D:5      | XOM: summons friendly iron imp
  8937 | D:5      | Reached skill level 5 in Fighting
  8986 | D:5      | Found a runed translucent door.
  8987 | D:5      | Noticed Crazy Yiuf
  9212 | D:5      | Killed Crazy Yiuf
  9541 | D:1      | XOM: scenery: summon butterflies
  9620 | D:1      | XOM: give mutation
  9620 | D:1      | Gained mutation: You possess an exceptional clarity of
                  | mind. [Xom's grace]
  9629 | D:1      | XOM: god gift: amethyst potion {god gift}
  9825 | D:1      | XOM: stat loss: -1 Str (12/13)
 10005 | D:1      | XOM: summons 1 hostile demon
 12225 | D:1      | XOM is BORED!
 12905 | D:1      | XOM: give mutations
 12905 | D:1      | Lost mutation: Your muscles are strong. (Str +4, Int/Dex
                  | -1) [Xom's mischief]
 12905 | D:1      | Lost mutation: You are agile. (Dex +4, Str/Int -1) [Xom's
                  | mischief]
 12905 | D:1      | Lost mutation: Your mind is acute. (Int +4, Str/Dex -1)
                  | [Xom's mischief]
 13274 | D:1      | XOM: stat loss: -1 Str (9/11)
 14164 | D:1      | XOM: give mutation
 14164 | D:1      | Gained mutation: You have supernaturally acute eyesight.
                  | (SInv) [Xom's mischief]
 14390 | D:1      | XOM is BORED!
 14390 | D:1      | XOM: summons 3 hostile demons
 15072 | D:1      | XOM: silly message
 16612 | D:1      | XOM: divination: detect creatures
 18036 | D:1      | XOM: noise
 18773 | D:1      | XOM: divination: detect creatures
 19208 | D:1      | XOM: god gift: book of Touch
 20479 | D:1      | XOM is BORED!
 20567 | D:1      | XOM: noise
 20882 | D:1      | XOM: divination: detect creatures
 20930 | D:1      | XOM: silly message
 21072 | D:1      | XOM: silly message
 21232 | D:1      | XOM: god gift: scroll of vulnerability
 22106 | D:1      | XOM: scenery: create altars
 24265 | D:1      | XOM is BORED!
 24472 | D:1      | XOM: silly message
 24655 | D:6      | Found a staircase to the Ecumenical Temple.
 24729 | D:6      | Reached skill level 5 in Dodging
 24729 | D:6      | Reached XP level 9. HP: 36/52 MP: 0/0
 24729 | D:6      | Learned a level 3 spell: Tukima's Dance
 24884 | D:6      | XOM: silly message
 25046 | D:6      | Reached skill level 5 in Spellcasting
 25046 | D:6      | Reached skill level 5 in Conjurations
 25046 | D:6      | Reached skill level 5 in Hexes
 25046 | D:6      | Reached skill level 5 in Summonings
 25046 | D:6      | Reached skill level 5 in Necromancy
 25046 | D:6      | Reached skill level 5 in Translocations
 25046 | D:6      | Reached skill level 5 in Fire Magic
 25046 | D:6      | Reached skill level 5 in Ice Magic
 25046 | D:6      | Reached skill level 5 in Air Magic
 25046 | D:6      | Reached skill level 5 in Earth Magic
 25046 | D:6      | Reached skill level 5 in Alchemy
 25567 | D:6      | XOM: give mutations
 25567 | D:6      | Gained mutation: You are partially covered in iridescent
                  | scales. (AC +2) [Xom's mischief]
 25567 | D:6      | Gained mutation: Your muscles are strong. (Str +4, Int/Dex
                  | -1) [Xom's mischief]
 25567 | D:6      | Gained mutation: Armour fits poorly on your strangely
                  | shaped body. [Xom's mischief]
 25615 | D:7      | Reached skill level 5 in Long Blades
 25626 | D:7      | XOM: summons 5 friendly demons
 25633 | D:7      | XOM: polymorph quasit -> iron imp
 25703 | D:7      | Noticed a troll
 25722 | D:7      | Killed a troll
 25768 | D:7      | XOM: swap monsters
 25884 | D:7      | XOM: polymorph orc warrior -> brain worm
 25885 | D:7      | Reached skill level 5 in Armour
 26038 | D:7      | XOM: stat loss: -1 Str (14/15)
 26067 | D:7      | Identified the +2 falchion of Arethruen {drain, rElec}
 26095 | D:7      | Found a runed translucent door.
 26097 | D:7      | Noticed justen's ghost (novice TrSh)
 26237 | D:7      | Reached XP level 10. HP: 57/57 MP: 0/0
 26330 | D:7      | XOM: 6-stop teleportation journey
 26472 | D:7      | XOM: draining
 26715 | D:7      | XOM: summons friendly crimson imp
 26735 | D:7      | Killed justen's ghost
 26736 | D:7      | Reached skill level 6 in Long Blades
 26802 | D:8      | Found a staircase to the Lair.
 26802 | D:8      | Noticed an elephant
 26804 | D:8      | Identified the +9 dagger "Seplidema" {antimagic, Dex+3}
 26843 | D:8      | XOM: 2-stop teleportation journey
 26890 | D:8      | XOM: summons 5 friendly demons
 26902 | D:8      | Killed an elephant
 26915 | D:8      | XOM: scenery: create altars
 27147 | D:8      | XOM: give mutation
 27147 | D:8      | Gained mutation: Your spells are harder to cast, but more
                  | powerful. [Xom's grace]
 27176 | D:8      | XOM: summons 10 friendly demons
 27323 | D:8      | Noticed Grum
 27324 | D:8      | XOM: god gift: 50 gold pieces
 27346 | D:8      | Killed Grum
 27478 | D:8      | XOM: divination: magic mapping
 27534 | D:8      | Reached skill level 1 in Evocations
 27536 | D:8      | XOM: fog
 27541 | D:8      | Reached skill level 7 in Long Blades
 27910 | D:9      | Noticed a two-headed ogre
 27922 | D:9      | Killed a two-headed ogre
 27923 | D:9      | Reached XP level 11. HP: 63/63 MP: 0/0
 27923 | D:9      | Learned a level 4 spell: Dimensional Bullseye
 28050 | D:9      | Identified the +2 robe of Raotur {rElec rN+}
 28178 | D:9      | XOM: give mutations
 28178 | D:9      | Gained mutation: You are mostly covered in iridescent
                  | scales. (AC +4) [Xom's grace]
 28178 | D:9      | Gained mutation: You have a pair of small antennae on your
                  | head. [Xom's grace]
 28407 | D:9      | XOM: divination: detect creatures
 28421 | D:9      | XOM: god gift: 2 darts of dispersal
 28426 | D:9      | XOM: summons friendly white imp
 28452 | D:9      | Noticed Psyche
 28452 | D:9      | XOM: summons 3 friendly demons
 28459 | D:9      | Killed Psyche
 28852 | D:9      | Noticed Prince Ribbit
 28865 | D:9      | Killed Prince Ribbit
 28956 | D:10     | Entered Level 10 of the Dungeon
 29039 | D:10     | XOM: scenery: 1 doors close
 29047 | D:10     | XOM: summons 9 friendly demons
 29055 | D:10     | Reached skill level 8 in Long Blades
 29143 | D:10     | XOM: fog
 29242 | D:10     | Found a broken altar of Ashenzari.
 29330 | D:10     | Found an iron altar of Okawaru.
 29331 | D:10     | Found a stormy altar of Qazlal.
 29331 | D:10     | Found a sacrificial altar of Ru.
 29334 | D:10     | Paralysed by an orc warrior for 5 turns
 29368 | D:10     | Found a shadowy altar of Dithmenos.
 29370 | D:10     | Found a glowing silver altar of Zin.
 29406 | D:10     | XOM: noise
 29408 | D:10     | XOM: silly message
 29421 | D:10     | XOM: cast spell 'Iskenderun's Battlesphere'
 29423 | D:10     | XOM: potion effect (haste)
 29430 | D:10     | Killed from afar by an orc priest

Illustrated notes

Levels and vault maps discovered:
D:1:      lightli_arrival_farm, layout_loops_corners,
          ebering_ecumenical_altar_abandoned, st_stairs_9,
          minmay_misc_feat_pillars
D:2:      minmay_razor_zed, layout_basic, roderic_roman_lattice,
          kennysheep_generic_room_10, uniq_sigmund
D:3:      layout_rooms, supply_closet_lemuel, uniq_grinder
D:4:      layout_layer_cave
D:5:      layout_rooms, grunt_gozag_breadcrumbs, uniq_crazy_yiuf_cottage
D:6:      layout_loops_ring, temple_statues
D:7:      layout_basic, hellmonk_ghost_happy_afterlife, minmay_manual_monstrance
D:8:      layout_loops_ring, david_lair_generic, serial_bayou,
          serial_bayou_pond_d, serial_bayou_lagoon_a, serial_bayou_ford_a,
          serial_bayou_lake_a, serial_bayou_pond_d, uniq_grum
D:9:      layout_loops_corners, kennysheep_pointless_box, uniq_psyche,
          uniq_prince_ribbit1
D:10:     layout_grid_maze, grunt_temple_overflow_open,
          mainiacjoe_overflow_catch_the_wave, hiddenorc1_lemuel

Skill      XL: |  1  2  3  4  5  6  7  8  9 10 11 |
---------------+----------------------------------+-----
Spellcasting   | 2 3 4 5 7 |  7.6
Conjurations   | 2 3 4 5 7 |  7.6
Hexes          | 2 3 4 5 7 |  7.6
Summonings     | 2 3 4 5 7 |  7.6
Necromancy     | 2 3 4 5 7 |  7.6
Translocations | 2 3 4 5 7 |  7.6
Fire Magic     | 2 3 4 5 7 |  7.6
Ice Magic      | 2 3 4 5 7 |  7.6
Air Magic      | 2 3 4 5 7 |  7.6
Earth Magic    | 2 3 4 5 7 |  7.6
Alchemy        | 2 3 4 5 7 |  7.6
Long Blades    | 3 4 5 7 8 |  8.1
Armour         | 2 3 4 5 6 |  6.9
Dodging        | 3 4 5 6 7 |  7.9
Fighting       | 4 5 6 7 |  7.5
Evocations     | 1 3 |  3.2

Action                     |  1- 3 |  4- 6 |  7- 9 | 10-12 || total
---------------------------+-------+-------+-------+-------++-------
  Melee: Falchion          |    97 |    92 |   396 |   425 ||  1010
         Punch             |     1 |     2 |     4 |     7 ||    14
   Cast: Mercury Vapours   |       |     1 |     4 |    12 ||    17
         Dazzling Flash    |       |       |     1 |     7 ||     8
         Tukima's Dance    |       |       |     5 |     8 ||    13
  Evoke: Wand              |       |       |       |     2 ||     2
    Use: Potion            |     1 |       |       |     4 ||     5
         Scroll            |       |       |     9 |     7 ||    16
   Stab: Sleeping          |     1 |       |       |     1 ||     2
         Petrified         |       |    10 |       |       ||    10
         Paralysed         |       |       |     2 |       ||     2
         Distracted        |       |       |     2 |       ||     2
         Invisible         |       |       |     1 |     4 ||     5
         Confused          |       |       |     1 |       ||     1
 Armour: Leather armour    |    54 |    58 |   296 |       ||   408
         Troll leather arm |       |       |    81 |   368 ||   449
         Skin              |       |       |       |    16 ||    16
  Dodge: Dodged            |    66 |    71 |   462 |   386 ||   985

Table legend: (Time is in decaauts)
 A = Elapsed time spent in this place.
 B = Non-inter-level travel time spent in this place.
 C = Inter-level travel time spent in this place.
 D = Time resting spent in this place.
 E = Time spent auto-exploring this place.
 F = Levels seen in this place.
 G = Mean time per level.
                   A        B        C        D        E       F      G
               +--------+--------+--------+--------+--------+-----+--------+
         Total |  29480 |  28961 |    519 |  19636 |   7217 |  10 | 2948.0 |
       Dungeon |  29480 |  28961 |    519 |  19636 |   7217 |  10 | 2948.0 |
               +--------+--------+--------+--------+--------+-----+--------+

Top non-repeatable levels by time:
     D:1: 19212 daAuts
     D:2: 2248 daAuts
     D:4: 1748 daAuts
     D:7: 1176 daAuts
     D:8: 1121 daAuts
     D:9: 1048 daAuts
     D:6: 1045 daAuts
     D:5: 851 daAuts
     D:3: 565 daAuts
    D:10: 462 daAuts
